 Dungeon Crawl Stone Soup version 0.30-a0-389-g8d7d949f56 (webtiles) character file.

Game seed: 2545816203631071422

83 zupo the Ducker (level 4, 0/44 HPs)
             Began as a Troll Fighter on Dec 4, 2022.
             Slain by a gnoll
             ... wielding a +0 spear
              (3 damage)
             ... on level 2 of the Dungeon.
             The game lasted 00:09:38 (1459 turns).

zupo the Ducker (Troll Fighter)                     Turns: 1459, Time: 00:09:38

Health: 0/44       AC:  4    Str: 26    XL:     4   Next: 22%
Magic:  3/3        EV:  9    Int:  4    God:
Gold:   81         SH:  7    Dex:  9    Spells: 3/3 levels left

rFire   . . .      SeeInvis .    a - +0 long sword
rCold   . . .      Faith    .    c - +0 kite shield
rNeg    . . .      Spirit   .    b - +0 robe
rPois   .          Reflect  .    (helmet restricted)
rElec   .          Harm     .    (no cloak)
rCorr   .          Rampage  .    (gloves unavailable)
Will    .....                    (boots unavailable)
Stlth   +.........               (no amulet)
HPRegen 1.07/turn                (no ring)
MPRegen 0.08/turn                (no ring)

@: mighty
A: large, unfitting armour, claws 3, regeneration 1, shaggy fur 1, tough skin 1
a: no special abilities


You were on level 2 of the Dungeon.
You visited 1 branch of the dungeon, and saw 2 of its levels.

You collected 81 gold pieces.

Inventory:

Hand Weapons
 a - a +0 long sword (weapon)
Missiles
 f - 3 datura-tipped darts (quivered)
Armour
 b - a +0 robe (worn)
 c - a +0 kite shield (worn)
Scrolls
 h - 2 scrolls of vulnerability
 i - a scroll of fog
Potions
 e - 2 potions of flight
 g - a potion of berserk rage {unknown}
 j - a potion of brilliance {unknown}
 k - a potion of haste {unknown}
 l - a potion of degeneration {unknown}
 m - a potion of heal wounds {unknown}


   Skills:
 + Level 2.7 Fighting
 + Level 2.6 Long Blades
 + Level 3.1 Dodging
 + Level 3.0 Shields


You had 3 spell levels left.
You didn't know any spells.
Your spell library contained the following spells:

 Spells                   Type           Power      Damage    Failure   Level
 Blade Hands              Tmut           0%         N/A       100%        5
 Irradiate                Conj/Tmut      0%         3d11      100%        5
 Dragon Form              Tmut           0%         N/A       100%        7


Dungeon Overview and Level Annotations

Branches:
Dungeon (2/15)

Altars:


Innate Abilities, Weirdness & Mutations

You are too large for most types of armour.
You have claws for hands.
Your natural rate of healing is unusually fast.
You are covered in fur. (AC +1)
You have tough skin. (AC +1)


Message History

You slash the gnoll!
You kill the gnoll!
You block the gnoll's attack. The gnoll closely misses you.
You barely miss the frilled lizard. You block the frilled lizard's attack.
The gnoll hits you from afar with a +0 spear!
The gnoll closely misses you.
You hit the frilled lizard but do no damage.
The frilled lizard bites you but does no damage.
You block the gnoll's attack.
The gnoll hits you from afar with a +0 spear.
You block the gnoll's attack.
The gnoll hits you from afar with a +0 spear!
You block the frilled lizard's attack.
You slash the frilled lizard!
You kill the frilled lizard!
You block the gnoll's attack.
The gnoll hits you from afar with a +0 spear.
You slash the worm!
The worm is heavily wounded.
You hit the worm.
The worm is almost dead.
You block the gnoll's attack. The worm bites you!
* * * LOW HITPOINT WARNING * * *
The gnoll hits you from afar with a +0 spear!
* * * LOW HITPOINT WARNING * * *
You feel very mighty all of a sudden. The gnoll barely misses you.
You slash the worm!
You kill the worm!
The gnoll hits you from afar with a +0 spear.
* * * LOW HITPOINT WARNING * * *
The gnoll barely misses you. The gnoll closely misses you.
You slash the gnoll!
The gnoll is almost dead.
The gnoll closely misses you. x3; The gnoll hits you with a +0 spear.
* * * LOW HITPOINT WARNING * * *
You slash the gnoll!
You kill the gnoll!
The gnoll hits you from afar with a +0 spear.
You die...

#......# ####......# .....
..........# ....S
.....#....# ...
.....#....# ...
.....###### #.#
.....###### #.#
..........#########.####.#
#########.......@)g......#
#.#
#.<#......####.#.......#
รท.# #....)....#
#.#....$..#
#.#######......#
#.#.......# ....##
#......# #.#.....$..
..#..########.###
#.#.......#
................#
#.#.......#
.####.........#.#
#.#.......#
.#............#.#
#.#######


You could see a gnoll.

Vanquished Creatures
  2 gnolls (D:2)
  3 adders (D:2)
  A worm (D:2)
  A dart slug (D:1)
  7 bats
  3 endoplasms
  2 giant cockroaches (D:2)
  A goblin (D:2)
  2 hobgoblins (D:1)
  4 jackals (D:1)
  2 quokkas
  5 ball pythons
  3 frilled lizards
  2 kobolds (D:1)
  2 rats
40 creatures vanquished.

Notes
Turn   | Place    | Note
-------+----------+-------------------------------------------
     0 | D:1      | zupo the Troll Fighter began the quest for the Orb.
     0 | D:1      | Reached XP level 1. HP: 22/22 MP: 0/0
   196 | D:1      | Reached XP level 2. HP: 29/29 MP: 1/1
   610 | D:1      | Reached XP level 3. HP: 36/36 MP: 2/2
  1264 | D:2      | Reached XP level 4. HP: 43/44 MP: 3/3
  1458 | D:2      | HP: 2/44 [gnoll/+0 spear (5)]
  1459 | D:2      | Slain by a gnoll

Illustrated notes

Levels and vault maps discovered:
D:1:      roderic_octagonal_star, layout_loops_ring, minivault_27,
          minmay_misc_feat_nine_boxes, chequers_jeans, minmay_pentomino_w2
D:2:      layout_basic, minmay_pentomino_pile

Skill      XL: |  1  2  3 |
---------------+----------+-----
Long Blades    | 2 |  2.6
Dodging        | 3 |  3.1
Shields        | 3 |  3.0
Fighting       | |  2.7

Action                   |  1- 3 |  4- 6 || total
-------------------------+-------+-------++-------
Melee: Long sword        |   169 |    13 ||   182
Throw: Dart              |     2 |       ||     2
  Use: Scroll            |     6 |       ||     6
       Potion            |       |     1 ||     1
Armor: Robe              |   107 |     2 ||   109
Dodge: Dodged            |   101 |     9 ||   110
Block: Kite shield       |    80 |    10 ||    90

Table legend: (Time is in decaauts)
 A = Elapsed time spent in this place.
 B = Non-inter-level travel time spent in this place.
 C = Inter-level travel time spent in this place.
 D = Time resting spent in this place.
 E = Time spent auto-exploring this place.
 F = Levels seen in this place.
 G = Mean time per level.
                   A        B        C        D        E       F      G
               +--------+--------+--------+--------+--------+-----+--------+
         Total |   1538 |   1480 |     58 |      0 |    273 |   2 |  769.0 |
       Dungeon |   1538 |   1480 |     58 |      0 |    273 |   2 |  769.0 |
               +--------+--------+--------+--------+--------+-----+--------+

Top non-repeatable levels by time:
     D:1: 888 daAuts
     D:2: 649 daAuts
